 Dungeon Crawl Stone Soup version 0.22.0-75-g3901e79 (webtiles) character file.

65347 troglodite the Carver (level 14, -7/118 HPs)
             Began as a Demonspawn Berserker on Sept 13, 2018.
             Was a High Priest of Trog.
             Killed from afar by a vampire mage (24 damage)
             ... with a bolt of negative energy
             ... on level 15 of the Dungeon on Sept 14, 2018.
             The game lasted 00:44:33 (12922 turns).

troglodite the Carver (Demonspawn Berserker)       Turns: 12922, Time: 00:44:35

Health: -7/118     AC: 26    Str: 29    XL:     14   Next: 75%
Magic:  0/14       EV: 14    Int:  9    God:    Trog [*****.]
Gold:   637        SH: 26    Dex: 22    Spells: 13/13 levels left

rFire    . . .     SeeInvis .   b - +6 scimitar of Disembowelment {freeze, Str+3 Dex+4}
rCold    . . .     Gourm    .   y - +2 large shield
rNeg     . . .     Faith    .   C - +6 scale mail of the Morning {Str+5}
rPois    .         Spirit   +   (helmet unavailable)
rElec    .         Reflect  +   x - +2 cloak
rCorr    .         Harm     .   q - +0 pair of gloves
MR       +....                  O - +2 pair of boots
Stlth    +.........             I - +4 amulet of reflection
HPRegen  0.29/turn              r - +4 ring of strength
MPRegen  0.28/turn              k - +2 ring of protection

@: starving, slowed, heavily drained, very slow
A: horns 3, rugged brown scales 2, magic shield, magic regeneration
a: Berserk, Trog's Hand, Brothers in Arms, Renounce Religion


You were on level 15 of the Dungeon.
You worshipped Trog.
Trog was extremely pleased with you.
You were starving.

You visited 1 branch of the dungeon, and saw 15 of its levels.
You also visited: Labyrinth.

You collected 914 gold pieces.
You spent 277 gold pieces at shops.

Inventory:

Hand Weapons
 b - the +6 scimitar of Disembowelment (weapon) {freeze, Str+3 Dex+4}
   (Trog gifted it to you on level 10 of the Dungeon)

   It has been specially enchanted to freeze those struck by it, causing extra
   injury to most foes and up to half again as much damage against particularly
   susceptible opponents.
   It can also slow down cold-blooded creatures.
   It affects your strength (+3).
   It affects your dexterity (+4).
 e - a +3 scimitar of flaming
 A - a +4 falchion
Armour
 a - a +3 plate armour of cold resistance
 q - a +0 pair of gloves (worn)
 v - a +3 chain mail of poison resistance
 x - a +2 cloak (worn)
 y - a +2 large shield (worn)
 C - the +6 scale mail of the Morning (worn) {Str+5}
   (You found it on level 7 of the Dungeon)

   It affects your strength (+5).
 O - a +2 pair of boots (worn)
Jewellery
 k - a +2 ring of protection (right hand)
 r - a +4 ring of strength (left hand)
 I - a +4 amulet of reflection (around neck)
 L - an uncursed ring of poison resistance
Wands
 z - a wand of disintegration (5)
 B - a wand of flame (92)
 H - a wand of paralysis (29)
 M - a wand of iceblast (2)
 N - a wand of acid (4)
Scrolls
 d - 2 scrolls of teleportation
 f - 3 scrolls of remove curse
 j - a scroll of magic mapping
 m - 4 scrolls of fog
 w - 2 scrolls of fear
Potions
 g - 3 potions of mutation
 h - 2 potions of resistance
 i - 5 potions of brilliance
 l - 2 potions of haste
 o - 5 potions of curing
 s - 3 potions of lignification
 t - a potion of invisibility
 u - a potion of berserk rage
 E - 2 potions of cancellation
Comestibles
 c - 17 rations
 D - 6 chunks of flesh


   Skills:
 * Level 11.4(9.8) Fighting
 + Level 11.9(10.2) Long Blades
 * Level 10.6(9.0) Armour
 * Level 9.6(8.1) Dodging
 + Level 1.8(0.5) Stealth
 * Level 11.7(10.0) Shields


You had 13 spell levels left.
You didn't know any spells.
Your spell library was empty.

Dungeon Overview and Level Annotations

Branches:
Dungeon (15/15)            Temple (0/1) D:6            Lair (0/6) D:10
    Orc (0/2) D:10         Vaults (0/5) D:13
 Depths: D:15

Altars:
Ashenzari
Dithmenos
Fedhas
Gozag
Okawaru
Qazlal
Sif Muna
Trog
Vehumet
Yredelemnul

Shops:
D:9 =   D:13 [


Innate Abilities, Weirdness & Mutations

You have a pair of large horns on your head.
You are mostly covered in rugged brown scales. (AC +2, +5% HP)
When hurt, damage is shared between your health and your magic reserves.
You regenerate magic rapidly.


Message History

The mummy is unaffected.
The shadow is unaffected.
The hungry ghost is unaffected.
The centaur warrior simulacrum is unaffected.
Your ogre misses the hungry ghost. The shadow hits you.
You block something's attack. Something bites you but does no damage.
Something hits you. You block the hungry ghost's attack.
The hungry ghost hits your ogre. Something hits you but does no damage.
Something bites you.
* * * LOW HITPOINT WARNING * * *
Something draws strength from your injuries!
Your ogre closely misses the hungry ghost.
A water nymph comes into view.
You feel better.
You recover from your berserk rage.
You block the shadow's attack.
Your ogre completely misses the hungry ghost.
You hear some strange, mumbled words.
A bolt of negative energy appears from out of thin air!
The bolt of negative energy hits you!
You feel drained.
You die...

8.≈≈m≈..8 P.≈≈....
...[... ...... P...8
...... ##..Z# ......
#..WM#
.....######.#W{#
#........#.#W@####.#
#........#.){{W.....#
#.............O.....#
#.......[#..........#
#........#..........#
#........#...########
#........#...#
.###...)....#.#.#
.....)....###.#.#


You could see a water nymph, 3 hungry ghosts, a shadow, a mummy, a centaur
warrior simulacrum and a friendly ogre (berserk).

Vanquished Creatures
  Frances (D:12)
  Gastronok (D:9)
  A juggernaut zombie (D:15)
  2 ghouls (D:14)
  A minotaur (Lab)
  Snorg (D:12)
  A hydra (D:11)
  A rakshasa (D:15)
  A centaur warrior (D:13)
  3 two-headed ogres
  2 tengu warriors
  14 skeletal warriors
  3 unseen horrors
  2 deep elf magi
  A wolf spider zombie (D:14)
  2 orc knights
  4 ugly things (D:14)
  An oklob plant (D:10)
  A cyclops (D:14)
  A manticore (D:14)
  3 centaur zombies
  Psyche (D:9)
  2 spriggan zombies (D:15)
  A rime drake (D:14)
  3 kobold demonologists
  An efreet (D:13)
  A tengu conjurer (D:14)
  4 trolls
  A hornet (D:9)
  9 slime creatures
  8 hippogriffs
  A meliai zombie (D:12)
  20 yaks
  10 wyverns
  3 hogs (D:8)
  17 humans
  8 basilisks
  3 hungry ghosts
  4 vampire mosquitoes (D:14)
  Menkaure (D:4)
  Edmund (D:6)
  2 acid dragons
  A water moccasin (D:9)
  Purgy (D:3)
  A floating eye (D:10)
  2 ice beasts
  9 orc warriors
  7 sky beasts
  A black bear (D:11)
  2 eyes of draining
  2 phantoms
  A hornet zombie (D:14)
  10 centaurs
  4 ogres
  6 bullfrogs
  3 big kobolds (D:12)
  A gnoll sergeant (D:5)
  4 wyvern zombies
  A wyvern skeleton (D:7)
  3 scorpions
  19 wights
  10 killer bees
  A howler monkey (D:5)
  7 crimson imps
  2 bullfrog zombies (D:11)
  A quasit (D:9)
  2 jellies
  2 bullfrog skeletons
  6 orc priests
  A centaur skeleton (D:5)
  6 hounds
  12 orc wizards
  15 worker ants
  2 iguanas
  4 hound skeletons
  A howler monkey zombie (D:2)
  5 gnolls (D:5)
  A howler monkey skeleton (D:9)
  14 adders
  2 shadow imps
  An adder zombie (D:7)
  4 worms
  2 dart slugs
  2 leopard geckos
  56 orcs
  5 bats
  11 giant cockroaches
  3 goblins
  9 hobgoblins
  5 jackals
  14 kobolds
  8 quokkas
  5 frilled lizards
  A leopard gecko skeleton (D:4)
  2 rats
448 creatures vanquished.

Vanquished Creatures (collateral kills)
  2 hydras
  2 rime drakes (D:14)
  A hippogriff (D:14)
  4 basilisks (D:14)
  A bullfrog (D:10)
  A centaur zombie (D:10)
  An adder (D:10)
  A leopard gecko (D:10)
13 creatures vanquished.

Vanquished Creatures (others)
  A cyclops (D:14)
  2 withered plants
3 creatures vanquished.

Grand Total: 464 creatures vanquished

Notes
Turn   | Place    | Note
-------+----------+-------------------------------------------
     0 | D:1      | troglodite the Demonspawn Berserker began the quest for the
                  | Orb.
     0 | D:1      | Reached XP level 1. HP: 18/18 MP: 1/1
   534 | D:1      | Gained mutation: You have a pair of small horns on your
                  | head. [demonic ancestry]
   534 | D:1      | Reached XP level 2. HP: 24/24 MP: 2/2
   914 | D:2      | Reached XP level 3. HP: 29/29 MP: 3/3
  1098 | D:2      | Found a shattered altar of Ashenzari.
  1124 | D:2      | Gained mutation: You have a pair of horns on your head.
                  | [demonic ancestry]
  1124 | D:2      | Reached XP level 4. HP: 17/37 MP: 4/4
  1132 | D:2      | Reached ** piety under Trog
  1640 | D:3      | Noticed Purgy
  1654 | D:3      | Killed Purgy
  1654 | D:3      | Gained mutation: You are partially covered in rugged brown
                  | scales. (AC +1, +3% HP) [demonic ancestry]
  1654 | D:3      | Reached XP level 5. HP: 44/44 MP: 5/5
  1806 | D:3      | Reached XP level 6. HP: 49/50 MP: 6/6
  1978 | D:4      | Noticed Menkaure
  1992 | D:4      | Killed Menkaure
  1992 | D:4      | Reached *** piety under Trog
  2180 | D:4      | Reached skill level 5 in Fighting
  2180 | D:4      | Reached XP level 7. HP: 40/57 MP: 7/7
  2426 | D:4      | Found a blossoming altar of Fedhas.
  2428 | D:4      | Found a shadowy altar of Dithmenos.
  2431 | D:4      | Found an iron altar of Okawaru.
  3031 | D:4      | Found a basalt altar of Yredelemnul.
  3437 | D:5      | Entered Level 5 of the Dungeon
  3439 | D:5      | You fall through a shaft for 3 floors!
  3516 | D:8      | Reached skill level 5 in Long Blades
  3836 | D:5      | Reached skill level 5 in Armour
  3836 | D:5      | Reached XP level 8. HP: 59/64 MP: 8/8
  3893 | D:5      | Reached **** piety under Trog
  4015 | D:5      | Found a bloodstained altar of Trog.
  4322 | D:5      | Reached skill level 1 in Shields
  4508 | D:6      | Noticed Edmund
  4839 | D:6      | Killed Edmund
  4862 | D:6      | Found a staircase to the Ecumenical Temple.
  4974 | D:6      | Gained mutation: When hurt, damage is shared between your
                  | health and your magic reserves. [demonic ancestry]
  4974 | D:6      | Reached XP level 9. HP: 71/71 MP: 9/9
  5246 | D:6      | Found a radiant altar of Vehumet.
  5604 | D:7      | Found a stormy altar of Qazlal.
  5626 | D:7      | Got a steaming scale mail
  5637 | D:7      | Identified the +6 scale mail of the Morning {Str+5} (You
                  | found it on level 7 of the Dungeon)
  6035 | D:8      | Reached ***** piety under Trog
  6035 | D:8      | Reached skill level 5 in Dodging
  6163 | D:8      | Reached XP level 10. HP: 81/81 MP: 7/10
  6625 | D:9      | Found Makochiz's Jewellery Emporium.
  7041 | D:9      | Reached skill level 5 in Shields
  7437 | D:9      | Received a gift from Trog
  7442 | D:9      | Noticed Psyche
  7455 | D:9      | Killed Psyche
  7455 | D:9      | Gained mutation: You are mostly covered in rugged brown
                  | scales. (AC +2, +5% HP) [demonic ancestry]
  7455 | D:9      | Reached XP level 11. HP: 87/90 MP: 8/11
  7459 | D:9      | Noticed Gastronok
  7513 | D:9      | Killed Gastronok
  7605 | D:9      | Found a deep blue altar of Sif Muna.
  7732 | D:10     | Entered Level 10 of the Dungeon
  7732 | D:10     | Found a staircase to the Orcish Mines.
  7998 | D:10     | Killed an unseen horror
  8012 | D:10     | Noticed a seven-headed hydra
  8022 | D:10     | Killed a nine-headed hydra
  8109 | D:10     | Killed an unseen horror
  8420 | D:10     | Found a staircase to the Lair.
  8427 | D:10     | Noticed an oklob plant
  8433 | D:10     | Killed an oklob plant
  8503 | D:10     | Received a gift from Trog
  8506 | D:10     | Got a fine scimitar {god gift}
  8654 | D:10     | Identified the +6 scimitar of Disembowelment {freeze, Str+3
                  | Dex+4} (Trog gifted it to you on level 10 of the Dungeon)
  9059 | D:11     | Reached skill level 1 in Stealth
  9145 | D:11     | Reached XP level 12. HP: 100/100 MP: 6/12
  9152 | D:11     | Noticed a four-headed hydra
  9156 | D:11     | Killed a six-headed hydra
  9211 | D:11     | Reached skill level 10 in Long Blades
  9331 | D:11     | Gained mutation: You regenerate magic rapidly. [demonic
                  | ancestry]
  9331 | D:11     | Reached XP level 13. HP: 107/107 MP: 13/13
  9600 | D:12     | Reached ****** piety under Trog
  9684 | D:12     | Found a labyrinth entrance.
  9700 | Lab      | Entered a labyrinth
  9853 | Lab      | Noticed a minotaur
  9862 | Lab      | Killed a minotaur
 10046 | Lab      | Got a pitted ring mail
 10059 | D:12     | Identified the cursed +0 ring mail of Servitude {Regen+
                  | Dex+3} (You found it in a labyrinth)
 10115 | D:12     | Noticed Snorg
 10123 | D:12     | Killed Snorg
 10123 | D:12     | Reached skill level 10 in Fighting
 10368 | D:12     | Noticed Frances
 10380 | D:12     | Killed Frances
 10803 | D:13     | Found a gate to the Vaults.
 11088 | D:13     | Reached skill level 10 in Armour
 11170 | D:13     | Found Jaaruef's Antique Armour Boutique.
 11178 | D:13     | Bought a runed large shield for 277 gold pieces
 11538 | D:14     | Reached skill level 10 in Shields
 11733 | D:14     | Gained mutation: You have a pair of large horns on your
                  | head. [demonic ancestry]
 11733 | D:14     | Reached XP level 14. HP: 108/116 MP: 12/14
 11821 | D:14     | Received a gift from Trog
 11822 | D:14     | Noticed a ghoul
 11830 | D:14     | Killed a ghoul
 12238 | D:14     | Noticed a ghoul
 12254 | D:14     | Killed a ghoul
 12279 | D:14     | Found an opulent altar of Gozag.
 12293 | D:14     | Received a gift from Trog
 12739 | D:15     | Entered Level 15 of the Dungeon
 12922 | D:15     | Killed from afar by a vampire mage

Skill      XL: |  1  2  3  4  5  6  7  8  9 10 11 12 13 14 |
---------------+-------------------------------------------+-----
Armour         | 2 3 5 6 7 9 10 | 10.6
Dodging        | 2 3 4 5 6 8 9 |  9.6
Long Blades    | 3 4 5 6 7 8 9 10 11 | 11.9
Fighting       | 4 5 6 7 8 9 10 11 | 11.4
Shields        | 1 3 5 8 10 11 | 11.7
Stealth        | 1 |  1.8

Action                   |  1- 3 |  4- 6 |  7- 9 | 10-12 | 13-15 || total
-------------------------+-------+-------+-------+-------+-------++-------
Melee: Falchion          |   105 |   139 |   292 |   318 |       ||   854
       Headbutt          |     7 |    34 |    94 |   141 |   245 ||   521
       Scimitar          |       |       |       |    78 |   547 ||   625
Invok: Berserk           |     1 |     2 |    10 |     8 |    12 ||    33
       Brothers in Arms  |       |       |       |     1 |     3 ||     4
  Use: Scroll            |       |       |       |    14 |    15 ||    29
       Potion            |       |       |       |     1 |     3 ||     4
  Eat: Chunk             |     2 |     5 |    16 |    16 |    20 ||    59
       Ration            |       |       |     2 |     1 |     2 ||     5
Armor: Chain mail        |    74 |    83 |   101 |       |       ||   258
       Scale mail        |       |       |    27 |   151 |   187 ||   365
Dodge: Dodged            |    59 |    72 |   112 |   147 |   220 ||   610
Block: Shield            |       |       |    89 |   203 |   152 ||   444
       Large shield      |       |       |       |       |   444 ||   444
       Reflection        |       |       |       |       |    18 ||    18
       Rpst.: Falchion   |    18 |    19 |    38 |    23 |       ||    98
       Scimitar          |       |       |       |    10 |    57 ||    67
